Hakan, chaotic male elven Ranger ------ |....| |....| |...<| |....| ------- |..... --+---+------ |...... ----.- +`.........`| |...@.| ## |..... ....| |..aa)| # ##|...- -...| |.a.... #` ##....| ....| #-)..%d| # ###|..`| |`..| ###------- # # |...| |...| # ------------|..- ### |...-----....#### |..............| # |...[.`.....| |..............|##` |`.........`| |...............# ------------- |..............| ---------------- Hakan the Lookout Experience level: 5 Strength: 15 Dexterity: 11 Constitution: 16 Intelligence: 13 Wisdom: 13 Charisma: 7 Health: 0(35) Energy: 27(27) Def: 4 Gold: 315 Moves: 1628 Dungeon seed: wwaB0uaRJQZ3ABWs Game ID: Hakan_1517689992 Your Inventory: Coins $ - 315 gold pieces Weapons a - a blessed +1 elven dagger b - a +1 elven bow (weapon in hand) c - 41 +2 elven arrows (in quiver) d - 2 +0 elven arrows h - 14 +0 ya m - a +0 ranseur Armor e - an uncursed +2 elven cloak (being worn) n - an uncursed +0 pair of leather gloves (being worn) r - an uncursed +0 pair of iron shoes Comestibles f - 4 uncursed lembas wafers g - an uncursed slime mold k - an uncursed food ration E - an uncursed egg Scrolls i - an uncursed scroll of confuse monster o - an uncursed scroll of destroy armor H - a cursed scroll of enchant armor Spellbooks t - a blessed spellbook of light u - an uncursed spellbook of identify C - an uncursed spellbook of knock Potions j - an uncursed potion of blindness l - a cursed potion of gain ability w - an uncursed potion of restore ability x - an uncursed potion of object detection z - an uncursed potion of invisibility A - a blessed potion of gain ability F - an uncursed potion of healing G - an uncursed potion of full healing Wands D - a wand of secret door detection (0:12) Tools v - an uncursed skeleton key B - an uncursed tin opener Gems q - an uncursed worthless piece of white glass y - an uncursed agate stone Spells and supernatural/magical abilities: Name Level Category Fail Memory k - knock 1 matter 43% 99% l - light 1 divination 43% 96% I - identify 3 divination 100% 96% W - pray for help -- divine ? -- Your skills at the end: Fighting Skills Weapon Skills dagger [Basic] bow [Basic] Spellcasting Skills Final Attributes: You were piously aligned. You were sleep resistant. You had automatic searching. You had infravision. You were stealthy. You are dead. Vanquished creatures: a bugbear a rock mole a shrieker 3 giant ants a dwarf 3 rothes a giant bat an orc zombie 2 iguanas an acid blob a hobbit a large kobold a gecko a jackal 3 lichens 3 newts 25 creatures vanquished. Voluntary challenges: You followed a strict vegan diet. You were an atheist. You used a wielded weapon 11 times, starting on turn 163. You read items or engraved 15 times, starting on turn 799. You never genocided any monsters. You never polymorphed an object. You never changed form. You used no wishes. You never split a pudding. You never wrote Elbereth's name. You violated your moral code, losing 19 points of alignment, starting on turn 1541. Dungeon overview: The Dungeons of Doom: levels 1 to 7 Level 1 a long staircase Level 2 a long staircase Level 3 a fountain Level 4 a bookstore Level 5 a potion shop Level 6 Level 7 <- You were here History has recorded: On T:1 you entered the Dungeons of Doom to retrieve the Amulet of Yendor! On T:76 you reached level 2 of The Dungeons of Doom. On T:549 you reached level 3 of The Dungeons of Doom. On T:734 you reached level 4 of The Dungeons of Doom. On T:969 you reached level 5 of The Dungeons of Doom. On T:1202 you advanced to experience level 2. On T:1374 you reached level 6 of The Dungeons of Doom. On T:1375 you advanced to experience level 3. On T:1418 you reached level 7 of The Dungeons of Doom. On T:1523 you advanced to experience level 4. On T:1615 you advanced to experience level 5. Score breakdown: Gold: 315 ( 8503 points) Experience: 5 levels (11141 points) Exploration: 7 levels ( 13.46%) (10289 points) Discoveries: 5 items ( 1.72%) ( 3939 points) Valuables value: (no points given unless you survive) Artifact value: 0 ( 0 points) Variety of kills: 16 monsters ( 4.20%) ( 6147 points) Turncount: 1628 turns ( 0 points) Survival: died (score multiplied by 80%) Total score: 32015 Latest messages: The 1st elven arrow misses the giant ant. The 2nd elven arrow hits the giant ant. The giant ant bites! (2x) ° drops 2 +0 elven arrows. You shoot 2 elven arrows. The 1st elven arrow hits the giant ant! You kill the giant ant! The 2nd elven arrow misses the giant ant. The elven arrow misses the giant ant. The giant ant bites! The elven arrow hits the giant ant! The giant ant bites! You shoot 3 elven arrows. The 1st elven arrow misses the giant ant. The 2nd elven arrow hits the giant ant! The 3rd elven arrow misses the giant ant. The giant ant bites! (2x) You die... Final status: Goodbye Hakan the Ranger, killed by a giant ant... You died in The Dungeons of Doom on dungeon level 7 with 32015 points, and 315 pieces of gold, after 1628 moves. You were level 5 with a maximum of 35 hit points when you died.